 Dungeon Crawl Stone Soup version 0.24-a0-545-gd1b266bae6 (webtiles) character file.

Game seed: 17584078348735612291

20888 CherryEater the Thaumaturge (level 12, -1/100 HPs)
             Began as a Gargoyle Earth Elementalist on Aug 18, 2019.
             Was an Elder of Vehumet.
             Slain by a meliai
             ... wielding a +1 war axe of electrocution
              (5 damage)
             ... on level 11 of the Dungeon.
             The game lasted 00:33:41 (10668 turns).

CherryEater the Thaumaturge (GrEE)                 Turns: 10668, Time: 00:33:43

Health: -1/100     AC: 26    Str: 10    XL:     12   Next: 84%
Magic:  26/27      EV:  2    Int: 19    God:    Vehumet [****..]
Gold:   593        SH:  5    Dex: 15    Spells: 25/34 levels left

rFire    . . .     SeeInvis .   y - +3 whip (elec)
rCold    . . .     Gourm    .   (no shield)
rNeg     + + +     Faith    .   (armour currently unavailable)
rPois    ∞         Spirit   .   (helmet currently unavailable)
rElec    .         Reflect  +   (cloak currently unavailable)
rCorr    .         Harm     .   (gloves currently unavailable)
MR       .....     NoTele   +   (boots currently unavailable)
Stlth    ++........             m - +5 amulet of reflection
HPRegen  0.26/turn              q - ring "Jifan" {rN+ Dex+3}
MPRegen  0.20/turn              (no ring)

@: tree-form
A: agile 1, dopey 1, negative energy resistance 1, weak 1, petrification
resistance, rot immunity, AC +8
a: Renounce Religion


You were on level 11 of the Dungeon.
You worshipped Vehumet.
Vehumet was greatly pleased with you.
You were hungry.
You were a tree.
You visited 2 branches of the dungeon, and saw 12 of its levels.
You also visited: Gauntlet.

You collected 689 gold pieces.
You spent 96 gold pieces at shops.

Inventory:

Hand Weapons
 p - a +1 flail of electrocution
 y - a +3 whip of electrocution (weapon)
Missiles
 b - 48 stones (quivered)
 r - 18 silver javelins
 u - a throwing net
Armour
 c - a +0 robe
 f - a +2 pair of gloves (melded)
 j - a +1 cloak (melded)
 n - a +0 helmet (melded)
 t - a +1 robe of positive energy (melded)
 C - a +1 hat
Jewellery
 m - a +5 amulet of reflection (around neck)
 q - the ring "Jifan" (left branch) {rN+ Dex+3}
   (You found it in a Gauntlet)

   [ring of positive energy]

   It affects your dexterity (+3).
   It protects you from negative energy.
Wands
 z - a wand of paralysis (11)
Scrolls
 h - 3 scrolls of amnesia
 o - a scroll of teleportation
 w - 6 scrolls of identify
 B - a scroll of remove curse
 D - a scroll of fear
Potions
 a - 4 potions of ambrosia
 e - a potion of lignification
 g - a potion of heal wounds
 i - 2 potions of magic
 k - 2 potions of brilliance
 l - 2 potions of flight
 s - 3 potions of curing
Miscellaneous
 F - a phial of floods (inert)
Comestibles
 d - 33 rations
 G - 22 chunks of flesh


   Skills:
 + Level 4.4 Fighting
 + Level 4.1 Maces & Flails
 + Level 4.4 Armour
 + Level 3.7 Dodging
 - Level 2.1 Stealth
 + Level 11.7 Spellcasting
 + Level 9.9 Conjurations
   Level 0.7 Transmutations
 + Level 11.6 Earth Magic
 + Level 3.5 Evocations


You had 25 spell levels left.
You knew the following spells:

 Your Spells              Type           Power        Failure   Level  Hunger
a - Sandblast             Erth           ######       1%          1    None
b - Stone Arrow           Conj/Erth      ######       1%          3    None
c - Lee's Rapid Deconstr  Erth           ######....   1%          5    ####...

Your spell library contained the following spells:

 Spells                   Type           Power        Failure   Level  Hunger
 Force Lance              Conj/Tloc      ####....     2%          4    ##.....
 Passwall                 Tmut/Erth      ####....     1%          2    None
 Petrify                  Tmut/Erth      ####....     4%          4    ##.....
 Swiftness                Chrm/Air       ##......     10%         2    None
 Airstrike                Air            ##........   16%         4    ##.....
 Gell's Gravitas          Tloc           ##........   19%         3    None
 Teleport Other           Tloc           ##......     19%         3    None
 Summon Lightning Spire   Summ/Air       ##......     52%         4    ##.....


Dungeon Overview and Level Annotations

Branches:
Dungeon (11/15)            Temple (1/1) D:5            Lair (0/6) D:10
    Orc (0/2) D:11

Altars:
Ashenzari
Cheibriados
Dithmenos
Elyvilon
Fedhas
Gozag
Hepliaklqana
Kikubaaqudgha
Makhleb
Nemelex Xobeh
Okawaru
Qazlal
Ru
Sif Muna
Trog
Uskayaw
Vehumet
Wu Jian
Xom
Yredelemnul
Zin
The Shining One

Shops:
D:10 *

Annotations:
D:11 Maurice


Innate Abilities, Weirdness & Mutations

You are resistant to torment.
((Your stone body is resilient. (AC +8)))
You are immune to poison.
You resist negative energy. (rN+)
((You are resistant to electric shocks. (rElec)))
((You can survive without breathing.))
You are immune to petrification.
You are immune to rotting.
((Your large and strong wings let you fly indefinitely.))
You are agile. (Dex +2)
You are dopey. (Int -2)
You are weak. (Str -2)


Message History

Your cyclops hits Maurice!
Maurice hits your cyclops with a +4 short sword of venom.
Your cyclops looks as sick as possible!
What are your orders? t - Creak!
Orders for allies: a - Attack new target. p - Attack previous target. r - Retreat! s - Stop attacking. g - Guard the area. f - Follow me.
Anything else - Cancel.
Gang up on whom?
Press: ? - help, Dir - move target cursor, f - cyclops, p - meliai
Aim: a cyclops (moderately wounded) Attack!
You block the meliai's attack.
The meliai stings you but does no damage.
The meliai hits you but does no damage.
The meliai stings you but does no damage.
The meliai hits you but does no damage.
You are electrocuted!
* * * LOW HITPOINT WARNING * * *
The meliai stings you.
You die...

,*,,,*,,,,,,,,,,,,,#.....#,,,,,#.
,+,,,+,,,,,,,,,,,,,#.....#,,,,,#†
,*,,,*,,,,,,,,,,,,,#.....#,,,,,#.
,*,,,****###########.....#,,,,,#.
,*,,,,,,,................#,,,,,#.
+*,>,,,,,................#######.
,,,,,,,,,........................
,,,,,,,,,......yy................
,,,,,,,,,@C≈C.()♣................
,,,,,,,,,.≈≈≈....................
,,,,,,,,,............###.........
,,,,,,,,*############# #.........
,,,,,,,,* #......... ,,,,,****
#......... ,,,,,* #.........
,,,,,* #....##### ****** ###### #


You could see Maurice, a cyclops, 2 meliai and a friendly cyclops.

Vanquished Creatures
  A minotaur (Gauntlet)
  A sixfirhy (Gauntlet)
  An unseen horror (D:11)
  Pikel (D:7)
  A necromancer (D:9)
  An ugly thing (D:11)
  A hornet (D:8)
  A meliai (D:11)
  2 hippogriffs (D:9)
  A wyvern (D:9)
  Sigmund (D:5)
  21 yaks
  4 hungry ghosts
  Menkaure (D:7)
  A water moccasin (D:10)
  3 slaves (D:7)
  A black bear (D:7)
  2 phantoms
  6 orc warriors
  An ice beast (D:8)
  2 sky beasts
  5 ogres
  A necrophage (D:9)
  2 centaurs
  A crocodile (D:10)
  5 bullfrogs
  A gnoll sergeant (D:8)
  A spiny frog simulacrum (Gauntlet)
  A hornet simulacrum (Gauntlet)
  A scorpion (D:4)
  5 wights (D:8)
  4 howler monkeys
  6 crimson imps
  A wyvern simulacrum (Gauntlet)
  A centaur zombie (D:10)
  A quasit (D:8)
  A bullfrog zombie (D:8)
  5 hounds
  12 orc priests
  2 bullfrog skeletons
  3 jellies
  A gnoll shaman (D:9)
  2 iguanas
  10 orc wizards
  5 worker ants
  A statue (D:6)
  3 yak simulacra (D:9)
  5 polar bear simulacra (D:9)
  A killer bee zombie (D:8)
  A wolf simulacrum (D:9)
  2 bullfrog simulacra (Gauntlet)
  8 gnolls
  14 adders
  3 shadow imps
  2 ufetubi (Gauntlet)
  2 adder zombies
  5 worms
  2 dart slugs
  6 leopard geckos
  47 orcs
  4 bats
  8 giant cockroaches
  10 goblins
  2 hobgoblins
  10 jackals
  6 quokkas
  3 ball pythons
  3 frilled lizards
  5 kobolds
  2 leopard gecko zombies
  5 rats
  2 river rat simulacra (D:9)
293 creatures vanquished.

Vanquished Creatures (collateral kills)
  A bullfrog (D:11)
1 creature vanquished.

Grand Total: 294 creatures vanquished

Notes
Turn   | Place    | Note
-------+----------+-------------------------------------------
     0 | D:1      | CherryEater the Gargoyle Earth Elementalist began the quest
                  | for the Orb.
     0 | D:1      | Reached XP level 1. HP: 10/10 MP: 3/3
   326 | D:1      | Reached XP level 2. HP: 14/15 MP: 3/5
  1065 | D:2      | Reached XP level 3. HP: 19/19 MP: 7/7
  1070 | D:2      | Learned a level 3 spell: Stone Arrow
  1386 | D:2      | Found a shimmering altar of Xom.
  1394 | D:2      | Found a burning altar of Makhleb.
  1410 | D:2      | Found a white marble altar of Elyvilon.
  1479 | D:2      | Found a shimmering blue altar of Sif Muna.
  1556 | D:2      | Found an ancient bone altar of Kikubaaqudgha.
  1586 | D:2      | Reached skill level 1 in Conjurations
  1586 | D:2      | Reached XP level 4. HP: 24/24 MP: 5/8
  2002 | D:2      | Found an opulent altar of Gozag.
  2285 | D:3      | Reached skill level 5 in Earth Magic
  2286 | D:3      | Reached XP level 5. HP: 13/28 MP: 4/9
  2307 | D:3      | Learned a level 5 spell: Lee's Rapid Deconstruction
  2599 | D:3      | Gained mutation: You are dopey. (Int -2) [potion of
                  | mutation]
  2599 | D:3      | Gained mutation: You are agile. (Dex +2) [potion of
                  | mutation]
  2599 | D:3      | Gained mutation: You are weak. (Str -2) [potion of
                  | mutation]
  2599 | D:3      | Gained mutation: Your large and strong wings let you fly
                  | indefinitely. [potion of mutation]
  2926 | D:4      | Noticed an ogre
  2927 | D:4      | Noticed an ogre
  2934 | D:4      | Killed an ogre
  2934 | D:4      | Reached XP level 6. HP: 18/32 MP: 2/11
  2981 | D:4      | Identified the Papyrus of Aerial Orientation
  3174 | D:4      | You are sucked into a shaft and drop 2 floors!
  3217 | D:6      | Noticed a sky beast
  3226 | D:6      | Killed a sky beast
  3226 | D:6      | Reached XP level 7. HP: 36/36 MP: 4/13
  3408 | D:5      | Entered Level 5 of the Dungeon
  3408 | D:5      | Found a staircase to the Ecumenical Temple.
  3444 | Temple   | Entered the Ecumenical Temple
  3990 | D:5      | Found a shattered altar of Ashenzari.
  4008 | D:5      | Reached skill level 5 in Spellcasting
  4030 | D:5      | Reached skill level 5 in Conjurations
  4030 | D:5      | Reached XP level 8. HP: 27/41 MP: 1/15
  4094 | D:5      | Noticed Sigmund
  4096 | D:5      | Killed Sigmund
  4651 | D:6      | Found a radiant altar of Vehumet.
  4660 | D:6      | Became a worshipper of Vehumet
  4928 | D:6      | Found a blossoming altar of Fedhas.
  5332 | D:7      | Noticed Menkaure
  5335 | D:7      | Reached XP level 9. HP: 45/45 MP: 14/18
  5340 | D:7      | Killed Menkaure
  5703 | D:7      | Reached * piety under Vehumet
  5703 | D:7      | Offered knowledge of Flame Tongue by Vehumet.
  6208 | D:7      | Noticed Pikel
  6228 | D:7      | Killed Pikel
  6737 | D:8      | Reached skill level 10 in Earth Magic
  6755 | D:8      | Reached XP level 10. HP: 50/50 MP: 10/21
  7479 | D:9      | Reached ** piety under Vehumet
  7479 | D:9      | Offered knowledge of Sting by Vehumet.
  7479 | D:9      | Reached skill level 1 in Maces & Flails
  7479 | D:9      | Reached skill level 1 in Armour
  7479 | D:9      | Reached skill level 1 in Evocations
  7633 | D:9      | Reached skill level 1 in Fighting
  7925 | D:9      | Found a glowing golden altar of the Shining One.
  8016 | D:9      | Noticed a necromancer
  8019 | D:9      | Killed a necromancer
  8119 | D:9      | Offered knowledge of Ignite Poison by Vehumet.
  8479 | D:9      | Found a shattered altar of Ashenzari.
  8486 | D:9      | Reached *** piety under Vehumet
  8546 | D:10     | Entered Level 10 of the Dungeon
  8551 | D:10     | Reached XP level 11. HP: 58/58 MP: 19/23
  8877 | D:10     | Offered knowledge of Sticky Flame by Vehumet.
  8997 | D:10     | Found a staircase to the Lair.
  9065 | D:10     | Found Wionac's Assorted Antiques.
  9074 | D:10     | Bought a scroll of identify for 48 gold pieces
  9074 | D:10     | Bought a scroll of identify for 48 gold pieces
  9363 | D:11     | Noticed a white ugly thing
  9376 | D:11     | Killed a white ugly thing
  9486 | D:11     | Found a gate leading to a gauntlet.
  9493 | Gauntlet | Entered a Gauntlet
  9493 | Gauntlet | Found a large runed translucent door.
  9493 | Gauntlet | Found a large runed translucent door.
  9493 | Gauntlet | Found a large runed translucent door.
  9493 | Gauntlet | Found a large runed translucent door.
  9493 | Gauntlet | Found a runed translucent door.
  9493 | Gauntlet | Found a large runed translucent door.
  9493 | Gauntlet | Found a large runed translucent door.
  9493 | Gauntlet | Found a transporter.
  9493 | Gauntlet | Found a transporter.
  9493 | Gauntlet | Found a large runed translucent door.
  9493 | Gauntlet | Found a large runed translucent door.
  9493 | Gauntlet | Found a runed translucent gate.
  9493 | Gauntlet | Found a runed translucent gate.
  9493 | Gauntlet | Found a transporter.
  9493 | Gauntlet | Found a transporter.
  9493 | Gauntlet | Noticed a death scarab
  9493 | Gauntlet | Noticed a sixfirhy
  9497 | Gauntlet | Found a transporter.
  9497 | Gauntlet | Found a transporter.
  9509 | Gauntlet | Found a transporter.
  9511 | Gauntlet | Found a transporter.
  9520 | Gauntlet | Noticed a large abomination
  9521 | Gauntlet | Found a transporter.
  9594 | Gauntlet | Found a runed translucent door.
  9595 | Gauntlet | Found a large runed translucent door.
  9595 | Gauntlet | Found a large runed translucent door.
  9595 | Gauntlet | Found a large runed translucent door.
  9595 | Gauntlet | Found a large runed translucent door.
  9596 | Gauntlet | Found a large runed translucent door.
  9596 | Gauntlet | Found a large runed translucent door.
  9597 | Gauntlet | Found a large runed translucent door.
  9597 | Gauntlet | Found a large runed translucent door.
  9606 | Gauntlet | Found a runed translucent gate.
  9626 | Gauntlet | Found a transporter.
  9628 | Gauntlet | Found a transporter.
  9635 | Gauntlet | Noticed a cacodemon
  9636 | Gauntlet | Found a transporter.
  9703 | Gauntlet | Killed a sixfirhy
  9757 | Gauntlet | Reached XP level 12. HP: 66/66 MP: 23/27
  9795 | Gauntlet | Reached **** piety under Vehumet
  9832 | Gauntlet | Got a heavily runed pewter ring
 10172 | Gauntlet | Identified the ring "Jifan" {rN+ Dex+3} (You found it in a
                  | Gauntlet)
 10188 | Gauntlet | Noticed a minotaur
 10191 | Gauntlet | Killed a minotaur
 10468 | D:11     | Offered knowledge of Force Lance by Vehumet.
 10655 | D:11     | Noticed Maurice
 10666 | D:11     | HP: 1/100 [meliai/divine providence (15)]
 10668 | D:11     | Slain by a meliai

Levels and vault maps discovered:
D:1:      dpeg_arrival_brainrot, layout_rooms, hangedman_decor_push,
          glass_columns_c, kennysheep_minor_cross, hangedman_decor_growths
D:2:      layout_basic, kiku_gazebo_garden_becter,
          nicolae_overflow_quartered_altars, grunt_gozag_breadcrumbs,
          skrybe_limestone_x, minmay_misc_feat_chi
D:3:      layout_rooms, minmay_shallow_snake_nest
D:4:      layout_cave_pools, first_ration
D:5:      layout_basic, minmay_temple_entry_statues, basic_altar, uniq_sigmund
D:6:      layout_loops_ring, vehumet_statue, fedhas_altar_fruit_tree
D:7:      layout_gridville, grunt_ogre_cave, lemuel_flame_loot_1, uniq_menkaure,
          uniq_pikel
D:8:      layout_cave_pools
D:9:      layout_stronghold, old_standard_altar, lemuel_round_altar,
          eino_house_with_fridge
D:10:     layout_roguey, lair_entry_dummy, serial_shops, kennysheep_little_box
D:11:     layout_irregular_city, hiddenorc1_lemuel, gauntlet_entry_generic,
          uniq_maurice
Temple:   nicolae_temple_hex_pool

Skill      XL: |  1  2  3  4  5  6  7  8  9 10 11 12 |
---------------+-------------------------------------+-----
Earth Magic    | 4 5 6 7 8 10 11 | 11.6
Conjurations   | 1 3 5 6 8 9 |  9.9
Spellcasting   | 3 4 5 6 7 8 11 | 11.7
Maces & Flails | 2 3 4 |  4.1
Armour         | 2 3 4 |  4.4
Evocations     | 2 3 |  3.5
Fighting       | 2 3 4 |  4.4
Dodging        | 2 3 |  3.7
Stealth        | |  2.1
Transmutations | |  0.7

Action                   |  1- 3 |  4- 6 |  7- 9 | 10-12 || total
-------------------------+-------+-------+-------+-------++-------
Melee: Unarmed           |     8 |       |       |       ||     8
       Club              |    11 |       |       |       ||    11
       Short sword       |    78 |    69 |       |       ||   147
       Flail             |       |    88 |    61 |       ||   149
       Dagger            |       |       |    43 |       ||    43
       Whip              |       |       |     9 |   198 ||   207
 Cast: Sandblast         |    20 |    29 |    84 |   100 ||   233
       Stone Arrow       |       |     2 |     7 |    11 ||    20
       Lee's Rapid Decon |       |       |    12 |    42 ||    54
 Abil: Fly               |       |     1 |       |       ||     1
Evoke: Wand              |       |       |     9 |     4 ||    13
       Phial of floods   |       |       |       |     1 ||     1
       Phantom mirror    |       |       |       |     1 ||     1
  Use: Scroll            |     9 |     3 |     7 |     8 ||    27
       Potion            |       |     1 |     1 |     9 ||    11
 Stab: Sleeping          |     1 |     2 |       |       ||     3
       Paralysed         |       |       |       |     3 ||     3
  Eat: Chunk             |     2 |     6 |    15 |    19 ||    42
       Ration            |       |       |       |     3 ||     3
Armor: Robe              |    34 |    93 |    63 |   141 ||   331
       Skin              |       |       |     1 |    27 ||    28
Dodge: Dodged            |    65 |   136 |    93 |   172 ||   466
Block: Other             |    15 |    39 |    39 |    87 ||   180
       Reflection        |       |     1 |     4 |       ||     5

Table legend:
 A = Non-vault XP
 B = Vault XP
 C = Vault XP percentage of total XP
 D = Non-vault monster count
 E = Vault monster count
 F = Vault count percentage of total count
                 A         B        C        D         E       F
            +---------+---------+-------+---------+---------+-------
      Total |   13787 |    4469 |  24.5 |     244 |      47 |  16.2
            +---------+---------+-------+---------+---------+-------
        D:1 |      30 |       2 |   6.2 |      17 |       1 |   5.6
        D:2 |      66 |       0 |   0.0 |      19 |       0 |   0.0
        D:3 |      99 |      16 |  13.9 |      18 |       3 |  14.3
        D:4 |     469 |       0 |   0.0 |      17 |       0 |   0.0
        D:5 |     462 |     212 |  31.5 |      16 |       1 |   5.9
        D:6 |     328 |      32 |   8.9 |       9 |       1 |  10.0
        D:7 |    1196 |     917 |  43.4 |      25 |       3 |  10.7
        D:8 |    1971 |       0 |   0.0 |      37 |       0 |   0.0
        D:9 |    2357 |     896 |  27.5 |      32 |      12 |  27.3
       D:10 |    3806 |       0 |   0.0 |      41 |       0 |   0.0
       D:11 |    3003 |     242 |   7.5 |      13 |      17 |  56.7
   Gauntlet |       0 |    2152 | 100.0 |       0 |       9 | 100.0
            +---------+---------+-------+---------+---------+-------
